 Dungeon Crawl Stone Soup version 0.22-a0-458-gb446440 (webtiles) character file.

116 pk666 the Magician (level 4, 24/24 HPs)
             Began as a Deep Elf Fire Elementalist on June 8, 2018.
             Was a Follower of Fedhas.
             Quit the game on level 3 of the Dungeon.
             The game lasted 00:04:26 (2134 turns).

pk666 the Magician (Deep Elf Fire Elementalist)     Turns: 2134, Time: 00:04:27

Health: 24/24      AC:  3    Str:  5    XL:     4   Next: 70%
Magic:  10/12      EV: 13    Int: 21    God:    Fedhas [*.....]
Gold:   122        SH:  0    Dex: 18    Spells: 3/11 levels left

rFire    . . .     SeeInvis .   (no weapon)
rCold    . . .     Gourm    .   (no shield)
rNeg     . . .     Faith    .   a - +0 robe
rPois    .         Spirit   .   (no helmet)
rElec    .         Reflect  .   t - +0 cloak
rCorr    .         Harm     .   (no gloves)
MR       .....                  (no boots)
Stlth    ++........             (no amulet)
HPRegen  0.08/turn              m - +3 ring of dexterity
MPRegen  0.13/turn              n - ring of flight

@: no status effects
A: no striking features
a: Fungal Bloom, Evolution, Renounce Religion, Evoke Flight


You were on level 3 of the Dungeon.
You worshipped Fedhas.
Fedhas was aware of your devotion.
You were not hungry.

You visited 1 branch of the dungeon, and saw 3 of its levels.

You collected 122 gold pieces.

Inventory:

Armour
 a - a +0 robe (worn)
 t - a +0 cloak (worn)
Jewellery
 m - a +3 ring of dexterity (left hand)
 n - a ring of flight (right hand)
Scrolls
 b - a scroll of magic mapping {unknown}
 d - a scroll of teleportation
 h - 2 scrolls of identify
 i - a scroll of remove curse
 k - a scroll of enchant armour {unknown}
 q - a scroll of blinking {unknown}
 r - 2 scrolls of enchant weapon {unknown}
Potions
 e - a potion of curing
 f - a potion of flight {unknown}
 g - a potion of brilliance {unknown}
 j - a potion of lignification {unknown}
 l - a potion of might {unknown}
 o - a potion of agility {unknown}
Comestibles
 c - 4 rations
 s - 3 chunks of flesh


   Skills:
 - Level 2.4 Dodging
 - Level 2.4 Stealth
 + Level 4.1 Spellcasting
 * Level 3.6 Conjurations
 + Level 4.1 Fire Magic


You had 3 spell levels left.
You knew the following spells:

 Your Spells              Type           Power        Failure   Level  Hunger
a - Flame Tongue          Conj/Fire      ###..        2%          1    None
b - Sticky Flame          Conj/Fire      ###.....     24%         4    ####...
c - Conjure Flame         Conj/Fire      ###.....     7%          3    ###....

Your spell library contained the following spells:

 Spells                   Type           Power        Failure   Level  Hunger
 Fireball                 Conj/Fire      ###.......   54%         5    ######.
 Throw Flame              Conj/Fire      ###...       3%          2    #......
 Inner Flame              Hex/Fire       ##......     16%         3    ###....


Dungeon Overview and Level Annotations

Branches:
Dungeon (3/15)

Altars:
Elyvilon
Fedhas


Message History

Casting: Flame Tongue (safe; 2% risk of failure)
Confirm with . or Enter, or press ? or * to list all spells.
You can't see any susceptible monsters within range! (Use Z to cast anyway.)
You start resting.
HP restored.
You enter the shallow water.
Moving in this stuff is going to be slow.
Why would you want to do that? Why would you want to do that?
A kobold comes into view.
There is a faded altar of an unknown god here.
You cannot tell which god this altar belongs to.
Convert to them anyway?
Uppercase [Y]es or [N]o only, please.
You cannot tell which god this altar belongs to.
Convert to them anyway?
Fedhas accepts your prayer! Fedhas welcomes you!
The plants of the dungeon cease their hostilities.
You can now turn corpses into toadstools.
You can now induce evolution.
Are you sure you want to abandon this character and quit the game? (Confirm with "yes".)

##########.#.####.#
.........#.##...####..
#######..≈≈....≈...≈≈.
#.≈≈≈.....≈.....
#.≈.≈≈≈≈≈≈≈≈≈≈≈.
#.≈≈≈≈≈≈≈≈≈≈≈...
#...≈≈≈≈≈≈≈≈≈≈≈.
##≈≈≈≈≈.≈.≈≈≈≈≈#
#..≈≈≈.@≈≈≈≈≈.#
#..≈≈≈..≈≈≈≈≈≈#
#≈≈≈≈≈≈≈≈≈≈≈≈.#
#≈≈≈≈≈≈≈≈≈≈≈..#
#≈≈≈≈≈≈≈≈≈≈≈≈.#
#...≈...≈≈≈.≈..
#....≈......≈≈#
#######.....K..


You could see a kobold (sleeping).

Vanquished Creatures
  Crazy Yiuf (D:2)
  4 adders
  An ooze (D:2)
  2 worms (D:2)
  A dart slug (D:2)
  2 leopard geckos
  An orc (D:3)
  A giant cockroach (D:1)
  3 goblins
  2 hobgoblins
  4 jackals (D:2)
  3 kobolds (D:2)
  2 ball pythons
  6 bats
  3 frilled lizards
  6 rats
  A fungus (D:2)
43 creatures vanquished.

Notes
Turn   | Place    | Note
-------+----------+-------------------------------------------
     0 | D:1      | pk666 the Deep Elf Fire Elementalist began the quest for the Orb.
     0 | D:1      | Reached XP level 1. HP: 10/10 MP: 6/6
   432 | D:1      | Reached XP level 2. HP: 15/15 MP: 5/8
   802 | D:2      | Found a white marble altar of Elyvilon.
   836 | D:2      | Reached XP level 3. HP: 10/19 MP: 6/10
  1057 | D:2      | Found a blossoming altar of Fedhas.
  1623 | D:2      | Reached XP level 4. HP: 24/24 MP: 9/11
  1889 | D:2      | Found a runed door.
  1897 | D:2      | Learned a level 4 spell: Sticky Flame
  1901 | D:2      | Learned a level 3 spell: Conjure Flame
  1902 | D:2      | Noticed Crazy Yiuf
  1909 | D:2      | Killed Crazy Yiuf
  2086 | D:3      | Found a faded altar of an unknown god.
  2133 | D:3      | Became a worshipper of Fedhas Madash
  2133 | D:3      | Reached * piety under Fedhas
  2134 | D:3      | Quit the game

Vault maps used:
D:1:      onia_arrival_mini_spirals
D:2:      elyvilon_altar_1, fedhas_altar_3, uniq_crazy_yiuf_cottage
D:3:      chequers_ecumenical_altar_island, first_ration

Skill      XL: |  1  2  3  4 |
---------------+-------------+-----
Conjurations   | 2 3 |  3.6
Spellcasting   | 4 |  4.1
Fire Magic     | 4 |  4.1
Dodging        | |  2.4
Stealth        | |  2.4

Action                   |  1- 3 |  4- 6 || total
-------------------------+-------+-------++-------
Melee: Unarmed           |     1 |    55 ||    56
 Cast: Flame Tongue      |    64 |    21 ||    85
       Conjure Flame     |       |     1 ||     1
  Use: Scroll            |       |     3 ||     3
  Eat: Chunk             |     2 |     2 ||     4
Armor: Robe              |     6 |     1 ||     7
Dodge: Dodged            |    19 |     4 ||    23

Table legend:
 A = Spawn XP
 B = Non-spawn XP
 C = Spawn XP percentage of total XP
 D = Spawn monster count
 E = Non-spawn monster count
 F = Spawn count percentage of total count
 G = Total turns spent on level
                    A         B        C        D         E        F      G
               +---------+---------+-------+---------+---------+-------+---------
         Total |       0 |     167 |   0.0 |       0 |      42 |   0.0 |  2134
               +---------+---------+-------+---------+---------+-------+---------
           D:1 |       0 |      16 |   0.0 |       0 |      11 |   0.0 |   667
           D:2 |       0 |     130 |   0.0 |       0 |      26 |   0.0 |  1343
           D:3 |       0 |      21 |   0.0 |       0 |       5 |   0.0 |   124
               +---------+---------+-------+---------+---------+-------+---------
